 Dungeon Crawl Stone Soup version 0.31-a0-664-g902f515a81 (webtiles) character file.

Game seed: 13822011078955606666

461 avis the Nimble (level 6, 0/28 HPs)
             Began as a Felid Shapeshifter on Sept 3, 2023.
             Was an Initiate of Gozag.
             Slain by a kobold brigand
             ... wielding a +0 dagger
              (1 damage)
             ... in a sewer.
             The game lasted 00:23:16 (3793 turns).

avis the Nimble (Felid Shapeshifter)                Turns: 3793, Time: 00:23:17

Health: 0/28       AC:  2    Str: 12    XL:     6   Next: 79%
Magic:  7/7        EV: 21    Int: 17    God:    Gozag
Gold:   468        SH:  0    Dex: 16    Spells: 5/5 levels left
                                        Lives:  0   Deaths: 2

rFire   . .          .
                       - Unarmed
rCold   . . .        (shield unavailable)
rNeg    . . .        (body armour unavailable)
rPois   .            (helmet unavailable)
rElec   .            (cloak unavailable)
rCorr   .            (gloves unavailable)
SInv    +            (boots unavailable)
Will    .....        (no amulet)
Stlth   +++          q - +6 ring of intelligence
HPRegen 0.24/turn    (no ring)
MPRegen 0.10/turn

%: no passive effects
@: beast-form, quick
A: beast (slay +2), very small, claws 1, fangs 3, see invisible, speed 1, shaggy
fur 2, stealthy paws, no weapons or thrown items, no armour, multi-lived
a: Begin Untransformation, Renounce Religion, Potion Petition, Call Merchant,
Bribe Branch


You were in a sewer.
You worshipped Gozag.
Gozag was aware of your devotion.
You were a hulking beast.
You visited 1 branch of the dungeon, and saw 4 of its levels.
You also visited: Sewer.

You collected 502 gold pieces.
You paid 34 gold pieces to Gozag.

Inventory:

Jewellery
 q - a +6 ring of intelligence (left paw)
Talismans
 b - a beast talisman (active)
 c - a flux talisman
Scrolls
 e - 3 scrolls of brand weapon
 f - 2 scrolls of fog {unknown}
 g - 2 scrolls of teleportation
 h - a scroll of poison
 i - 2 scrolls of blinking {unknown}
 k - 2 scrolls of fear {unknown}
 l - a scroll of amnesia {unknown}
 m - a scroll of enchant weapon {unknown}
 o - 2 scrolls of revelation {unknown}
 p - 2 scrolls of noise {unknown}
 u - a scroll of summoning {unknown}
 v - a scroll of immolation {unknown}
 x - a scroll of enchant armour {unknown}
Potions
 j - a potion of might {unknown}
 n - a potion of haste {unknown}
 s - a potion of attraction {unknown}
 t - a potion of degeneration {unknown}


   Skills:
 - Level 3.0 Fighting
 * Level 8.0 Dodging
 + Level 3.5 Stealth
 - Level 3.0 Unarmed Combat
 - Level 3.5 Shapeshifting


You had 5 spell levels left.
You didn't know any spells.
Your spell library contained the following spells:

 Spells                   Type           Power      Damage    Failure   Level
 Sublimation of Blood     Necr           0%         N/A       34%         2
 Petrify                  Tmut/Erth      0%         N/A       93%         4
 Irradiate                Conj/Tmut      0%         3d11      100%        5
 Haunt                    Necr/Summ      0%         N/A       100%        7
 Infestation              Necr           0%         N/A       100%        8
 Animate Dead             Necr           Unusable   N/A       N/A         4

Dungeon Overview and Level Annotations

Branches:
Dungeon (4/15)              Sewer (1/1)
 Temple: D:4-7

Altars:
Gozag
Wu Jian
Xom

Shops:
D:2 :

Annotations:
D:2 1 runed translucent door, Crazy Yiuf


Innate Abilities, Weirdness & Mutations

You are a hulking beast.
Your limbs bulge with bestial killing power. (Slay +2)
You have sharp claws.
You have razor-sharp teeth.
You have supernaturally acute eyesight. (SInv)
You cover ground quickly. (Speed+)
You are covered in thick fur. (AC +2)
Your paws help you pounce on unaware monsters.
You are incapable of wielding weapons or throwing items.
You cannot wear armour.
You gain extra lives every three experience levels.


Message History

You kill the kobold!
Press: ? - help, v - describe, . - travel
Here: a kobold brigand, wielding a +0 dagger and quivering curare-tipped darts Some shallow water.
The kobold brigand throws a curare-tipped dart.
The curare-tipped dart hits you.
You are poisoned.
You have difficulty breathing.
You feel yourself slow down.
You feel sick.
You feel sick.
You are no longer poisoned.
You start resting.
A kobold brigand is nearby!
The kobold brigand misses you.
You scratch the kobold brigand but do no damage.
Your bite misses the kobold brigand.
The kobold brigand hits you with a +0 dagger.
You scratch the kobold brigand.
The kobold brigand is moderately wounded.
The kobold brigand hits you with a +0 dagger.
The kobold brigand hits you with a +0 dagger!
* * * LOW HITPOINT WARNING * * *
You miss the kobold brigand.
The kobold brigand is moderately wounded.
The kobold brigand completely misses you.
You closely miss the kobold brigand.
The kobold brigand is moderately wounded.
The kobold brigand hits you with a +0 dagger.
* * * LOW HITPOINT WARNING * * *
You scratch the kobold brigand.
The kobold brigand is moderately wounded.
The kobold brigand hits you with a +0 dagger.
* * * LOW HITPOINT WARNING * * *
The kobold brigand completely misses you.
You scratch the kobold brigand.
The kobold brigand is moderately wounded.
You feel yourself speed up.
The kobold brigand hits you with a +0 dagger.
You die...
Your body crumbles into a pile of gold.

##.....~.≈≈~~~.#...#
#......~~≈≈≈≈.....##
#.......~≈≈≈≈.....#
#.......~≈≈≈~.$...##
##.....~~≈≈≈~~.....##
##...K~≈≈≈≈≈~~.....#
#....≈≈≈≈≈≈~#.....#
##....≈≈≈≈≈≈≈##K...#
#.....~≈≈≈≈≈≈≈#h...#
#.....~≈≈≈≈≈≈~.....#
##.))~≈≈≈≈≈≈≈≈~~....#
#...~≈≈≈≈≈≈≈~~.....#
###+####≈#≈#≈###+###
#.))).#≈#≈#≈#
#.....##≈#≈#≈
##...##≈#≈#≈#
#.....## #≈


You could see a kobold brigand.

Vanquished Creatures
  4 kobold brigands (Sewer)
  2 gnolls
  4 adders
  5 river rats (Sewer)
  2 worms
  4 dart slugs
  5 bats
  3 endoplasms
  3 giant cockroaches
  5 goblins
  2 hobgoblins
  3 jackals (D:2)
  7 kobolds
  2 quokkas
  10 ball pythons
  3 frilled lizards
  13 rats
77 creatures vanquished.

Notes
Turn   | Place    | Note
-------+----------+-------------------------------------------
     0 | D:1      | avis the Felid Shapeshifter began the quest for the Orb.
     0 | D:1      | Reached XP level 1. HP: 9/9 MP: 2/2
   127 | D:1      | Reached skill level 3 in Dodging
   234 | D:1      | Reached XP level 2. HP: 13/13 MP: 3/3
  1119 | D:2      | Found an opulent altar of Gozag.
  1127 | D:2      | Became a worshipper of Gozag Ym Sagoz the Greedy
  1248 | D:2      | Found Ogenit's Book Shoppe.
  1271 | D:2      | Reached XP level 3. HP: 16/16 MP: 4/4
  1673 | D:2      | Found a runed translucent door.
  1674 | D:2      | Noticed Crazy Yiuf
  1822 | D:3      | Found a shimmering altar of Xom.
  1900 | D:3      | Reached skill level 4 in Dodging
  2249 | D:3      | Found an ornate altar of the Wu Jian Council.
  2288 | D:3      | Reached XP level 4. HP: 20/20 MP: 5/5
  2702 | D:4      | Noticed a scorpion
  2815 | D:4      | Found a glowing drain.
  2853 | Sewer    | Entered a sewer
  2887 | Sewer    | Reached skill level 5 in Dodging
  2955 | Sewer    | Noticed a kobold brigand
  2962 | Sewer    | Killed a kobold brigand
  2963 | Sewer    | Reached skill level 6 in Dodging
  2963 | Sewer    | Reached XP level 5. HP: 24/24 MP: 6/6
  3198 | Sewer    | Reached skill level 1 in Stealth
  3555 | Sewer    | Reached skill level 7 in Dodging
  3555 | Sewer    | Gained mutation: You are covered in thick fur. (AC +2)
                  | [Felid growth]
  3555 | Sewer    | Reached XP level 6. HP: 14/28 MP: 7/7
  3586 | Sewer    | HP: 1/28 [poisoned by a kobold brigand]
  3587 | Sewer    | Succumbed to a kobold brigand's poison
  3630 | Sewer    | Slain by a kobold brigand
  3656 | Sewer    | Reached skill level 8 in Dodging
  3791 | Sewer    | HP: 1/28 [kobold brigand/+0 dagger (6)]
  3793 | Sewer    | Slain by a kobold brigand

Illustrated notes

Levels and vault maps discovered:
D:1:      dpeg_arrival_round_c, layout_loops_ring, serial_bayou_pond_c,
          minmay_misc_feat_diagonals
D:2:      layout_loops_ring, serial_shops, shop_fountains, basic_altar,
          uniq_crazy_yiuf_cottage
D:3:      layout_loops_ring, nicolae_overflow_squiral
D:4:      layout_loops_corners, mainiacjoe_overflow_chevrons,
          portal_sewer_entry_a
Sewer:    sewer_minmay_treatment

Skill      XL: |  1  2  3  4  5  6 |
---------------+-------------------+-----
Dodging        | 3 4 6 7 8 |  8.0
Fighting       | 2 3 |  3.0
Stealth        | 2 3 |  3.5
Unarmed Combat | |  3.0
Shapeshifting  | |  3.5

Action                     |  1- 3 |  4- 6 || total
---------------------------+-------+-------++-------
  Melee: Unarmed           |    88 |   163 ||   251
         Bite              |     8 |    10 ||    18
         Punch             |       |     5 ||     5
    Use: Potion            |       |     7 ||     7
         Scroll            |       |     6 ||     6
   Stab: Sleeping          |     3 |     1 ||     4
         Distracted        |       |     1 ||     1
 Armour: Skin              |    19 |    57 ||    76
  Dodge: Dodged            |    44 |   172 ||   216

Table legend: (Time is in decaauts)
 A = Elapsed time spent in this place.
 B = Non-inter-level travel time spent in this place.
 C = Inter-level travel time spent in this place.
 D = Time resting spent in this place.
 E = Time spent auto-exploring this place.
 F = Levels seen in this place.
 G = Mean time per level.
                   A        B        C        D        E       F      G
               +--------+--------+--------+--------+--------+-----+--------+
         Total |   3245 |   2929 |    316 |    439 |   1354 |   5 |  649.0 |
       Dungeon |   2372 |   2056 |    316 |    138 |   1354 |   4 |  593.0 |
         Sewer |    873 |    873 |      0 |    301 |      0 |   1 |  873.0 |
               +--------+--------+--------+--------+--------+-----+--------+

Top non-repeatable levels by time:
   Sewer: 873 daAuts
     D:1: 774 daAuts
     D:2: 761 daAuts
     D:3: 717 daAuts
     D:4: 118 daAuts
